 Dungeon Crawl Stone Soup version 0.31.0-32-g396128a36d (webtiles) character file.

Game seed: 5644466366975939015

7386 PaiMei the Scholar of Death (level 10, -12/81 HPs)
             Began as a Demonspawn Necromancer on Mar 26, 2024.
             Was a Follower of Kikubaaqudgha.
             Incinerated by a deep elf pyromancer (15 damage)
             ... with a pyre arrow
             ... on level 10 of the Dungeon.
             The game lasted 00:16:13 (12364 turns).

PaiMei the Scholar of Death (DsNe)                 Turns: 12364, Time: 00:16:14

Health: -12/81     AC: 17    Str:  8    XL:     10   Next: 92%
Magic:  17/31      EV: 14    Int: 20    God:    Kikubaaqudgha [*.....]
Gold:   475        SH:  0    Dex: 14    Spells: 12/25 levels left

rFire   . . .        C - +3 dagger (venom)
rCold   . . .        (no shield)
rNeg    + + .        t - +0 leather armour of a treasure trove {rN++ MP+9}
rPois   +            v - +0 helmet
rElec   .            (no cloak)
rCorr   .            (gloves unavailable)
SInv    .            (no boots)
Will    .....        K - amulet of magic regeneration
Stlth   +            m - +4 ring of protection
HPRegen 0.33/turn    B - ring of poison resistance
MPRegen 0.62/turn

%: no passive effects
@: on fire, sanguine armoured, slowed, glowing, very slow
A: icemail 1, sanguine armour 2, condensation shield, demonic touch 3
a: Renounce Religion, Unearth Wretches


You were on level 10 of the Dungeon.
You worshipped Kikubaaqudgha.
Kikubaaqudgha was aware of your devotion.
You visited 2 branches of the dungeon, and saw 11 of its levels.
You also visited: Sewer.

You collected 475 gold pieces.

Inventory:

Hand Weapons
 C - a +3 dagger of venom (weapon)
 H - a +1 mace of protection
 M - a +3 scimitar of flaming
Missiles
 x - 17 poisoned darts (quivered)
 D - 2 throwing nets
 E - a curare-tipped dart
Armour
 p - an orb of energy
 t - the +0 leather armour of a treasure trove (worn) {rN++ MP+9}
   (You found it in a sewer)

   rN++:      It greatly protects you from negative energy.
   MP+9:      It affects your magic capacity (+9).
 u - a +2 leather armour of willpower
 v - a +0 helmet (worn)
 F - a +1 ring mail of cold resistance
 I - a +0 troll leather armour
Magical Staves
 G - a staff of death
Jewellery
 f - an amulet of guardian spirit
 m - a +4 ring of protection (left hand)
 B - a ring of poison resistance (right hand)
 K - an amulet of magic regeneration (around neck)
 L - a ring of protection from fire
Wands
 h - a wand of charming (9)
 J - a wand of digging (6)
Scrolls
 a - 4 scrolls of blinking
 d - 4 scrolls of identify
 e - 2 scrolls of revelation
 i - a scroll of vulnerability {unknown}
 j - a scroll of fear {unknown}
 k - a scroll of torment {unknown}
 l - 3 scrolls of enchant weapon
 o - a scroll of brand weapon {unknown}
 r - a scroll of enchant armour {unknown}
 y - 2 scrolls of teleportation {unknown}
Potions
 b - a potion of magic
 g - 2 potions of might
 n - a potion of degeneration {unknown}
 q - 3 potions of brilliance
 s - a potion of enlightenment {unknown}
 w - a potion of heal wounds {unknown}
 z - a potion of berserk rage {unknown}
 A - a potion of haste {unknown}


   Skills:
 + Level 8.3 Fighting
 + Level 8.0 Dodging
 - Level 2.0 Stealth
 + Level 8.0 Spellcasting
 + Level 10.3 Necromancy


You had 12 spell levels left.
You knew the following spells:

 Your Spells              Type           Power      Damage    Failure   Level
a - Necrotise             Necr           100%       1d9       1%          1
b - Vampiric Draining     Necr           49%        2d9       1%          3
c - Animate Dead          Necr           49%        N/A       1%          4
d - Curse of Agony        Necr           49%        N/A       4%          5

Your spell library contained the following spells:

 Spells                   Type           Power      Damage    Failure   Level
 Sublimation of Blood     Necr           49%        N/A       1%          2
 Fugue of the Fallen      Necr           49%        N/A       1%          3
 Summon Forest            Summ/Tloc      4%         N/A       98%         5
 Eringya's Noxious Bog    Alch           4%         4d6       100%        6
 Malign Gateway           Summ/Tloc      4%         N/A       100%        7
 Summon Hydra             Summ           4%         N/A       100%        7
 Summon Horrible Things   Summ           4%         N/A       100%        8


Dungeon Overview and Level Annotations

Branches:
Dungeon (10/15)            Temple (1/1) D:7           Sewer (visited)
   Lair: D:8-11         Orc: D:9-12

Altars:
Ashenzari
Cheibriados
Dithmenos
Gozag
Hepliaklqana
Kikubaaqudgha
Makhleb
Nemelex Xobeh
Okawaru
Qazlal
Ru
Sif Muna
Trog
Uskayaw
Vehumet
Wu Jian
Xom
Yredelemnul

Shops:
D:8 *

Annotations:
D:6 3 runed translucent doors, middlethird's ghost, novice VSIE


Innate Abilities, Weirdness & Mutations

A meltable icy envelope protects you from harm. (AC +0)
When seriously injured, your blood forms thick armour. (AC +9)
A meltable shield of frost defends you. (SH +0)
Your touch may irresistibly damage your foes and sap their willpower.


Message History

The liquid fire burns you!
* * * LOW HITPOINT WARNING * * *
The deep elf pyromancer hits you with a +0 long sword!
* * * LOW HITPOINT WARNING * * *
Casting: Vampiric Draining (safe; 1% risk of failure)
Confirm with . or Enter, or press ? or * to list all spells.
Aiming: Vampiric Draining (safe; 1% risk of failure)
Press: ? - help, Shift-Dir - straight line, f/p - deep elf pyromancer
Aim: a deep elf pyromancer, wielding a +0 long sword and wearing a +0 scale mail (severely wounded)
You draw life force from the deep elf pyromancer!
You kill the deep elf pyromancer!
Kikubaaqudgha accepts your kill.
You feel life coursing into your body. The liquid fire burns you!
* * * LOW HITPOINT WARNING * * *
Your Dodging skill increases to level 8!
Your Spellcasting skill increases to level 8!
Casting: Vampiric Draining (safe; 1% risk of failure)
Confirm with . or Enter, or press ? or * to list all spells.
You can't see any susceptible monsters within range! (Use Z to cast anyway.)
Casting: Vampiric Draining (safe; 1% risk of failure)
Confirm with . or Enter, or press ? or * to list all spells.
You can't see any susceptible monsters within range! (Use Z to cast anyway.)
Casting: Vampiric Draining (safe; 1% risk of failure)
Confirm with . or Enter, or press ? or * to list all spells.
You can't see any susceptible monsters within range! (Use Z to cast anyway.)
Casting: Vampiric Draining (safe; 1% risk of failure)
Confirm with . or Enter, or press ? or * to list all spells.
You can't see any susceptible monsters within range! (Use Z to cast anyway.) It was a potion of curing.
You feel better. The liquid fire burns you!
* * * LOW HITPOINT WARNING * * *
Your magical contamination has completely faded away.
You feel better. The liquid fire burns you!
* * * LOW HITPOINT WARNING * * *
You shake off some of the fire as you move.
The liquid fire burns you!
You die...
Kikubaaqudgha rasps: "You have failed me!
Welcome... death!"

#.#...............
#.#........#.#....
.##.####.#..............
..............##..#.#.###
.##.####.#.#..##.........
.........................
....####.#.#..##.........
. #.#.#...)..##
#.#.#.@#...#
#######.#.#..#.>.#
...~~~~~#.#..###.#
##~~≈~≈~~.#..###.#
#~≈###~~........# .~~
##~~#..###.# ~~ #~~~.<#
#.# ~ ##≈~.## #.# #~~.#
#.#


There were no monsters in sight!

Vanquished Creatures
  Erica (D:10)
  A deep elf pyromancer (D:10)
  2 trolls (D:9)
  2 slime creatures (D:9)
  2 wyverns
  13 yaks
  2 acid dragons
  2 ice beasts (D:5)
  2 sky beasts (D:7)
  2 black bears
  2 orc warriors
  2 centaurs
  A phantom (D:5)
  5 bullfrogs
  A gnoll sergeant (D:6)
  A kobold brigand (D:7)
  A scorpion (D:4)
  5 killer bees (D:8)
  9 howler monkeys
  4 jellies
  3 bombardier beetles
  A gnoll bouda (D:8)
  3 hounds (D:5)
  5 orc priests
  A sleepcap (D:4)
  3 iguanas
  6 orc wizards
  16 gnolls
  10 adders
  A white imp (D:6)
  2 ufetubi (D:6)
  A ribbon worm (D:4)
  8 dart slugs
  44 orcs
  6 bats
  9 endoplasms
  9 giant cockroaches
  8 hobgoblins
  6 jackals
  4 quokkas
  14 ball pythons
  16 frilled lizards
  5 goblins
  7 kobolds
  7 rats
255 creatures vanquished.

Vanquished Creatures (collateral kills)
  3 dart slugs (Sewer)
  2 bats
  An endoplasm (D:1)
  A goblin (D:3)
  A kobold (D:1)
  2 frilled lizards
  A rat (D:3)
11 creatures vanquished.

Grand Total: 266 creatures vanquished

Notes
Turn   | Place    | Note
-------+----------+-------------------------------------------
     0 | D:1      | PaiMei the Demonspawn Necromancer began the quest for the
                  | Orb.
     0 | D:1      | Reached XP level 1. HP: 13/13 MP: 3/3
   259 | D:1      | Gained mutation: When seriously injured, your blood forms
                  | armour. (AC +9) [demonic ancestry]
   259 | D:1      | Reached XP level 2. HP: 18/19 MP: 3/5
   601 | D:1      | Found a faded altar of an unknown god.
   796 | D:1      | Gained mutation: When seriously injured, your blood forms
                  | thick armour. (AC +9) [demonic ancestry]
   796 | D:1      | Reached XP level 3. HP: 25/25 MP: 0/6
  1227 | D:2      | Identified the +1 leather armour of Viny Life {rN+}
  1253 | D:2      | Identified the +0 halberd of Bewuc {venom, rCorr Stlth+}
  1345 | D:2      | Reached skill level 1 in Fighting
  1726 | D:3      | Reached skill level 5 in Necromancy
  1860 | D:3      | Gained mutation: A meltable shield of frost defends you.
                  | (SH +0) [demonic ancestry]
  1860 | D:3      | Reached XP level 4. HP: 32/32 MP: 4/7
  2562 | D:3      | Found a stormy altar of Qazlal.
  2562 | D:3      | Found a basalt altar of Yredelemnul.
  2562 | D:3      | Found a hazy altar of Hepliaklqana.
  2928 | D:4      | Found a radiant altar of Vehumet.
  2970 | D:4      | Gained mutation: Your touch may inflict minor irresistible
                  | damage on your foes. [demonic ancestry]
  2970 | D:4      | Reached XP level 5. HP: 38/38 MP: 3/9
  3070 | D:4      | Learned a level 3 spell: Vampiric Draining
  3685 | D:4      | Gained mutation: Your touch may inflict irresistible damage
                  | on your foes. [demonic ancestry]
  3685 | D:4      | Reached XP level 6. HP: 46/46 MP: 4/10
  4170 | D:5      | Entered Level 5 of the Dungeon
  4170 | D:5      | Noticed an ice beast
  4330 | D:5      | Reached skill level 6 in Necromancy
  4330 | D:5      | Reached XP level 7. HP: 43/52 MP: 0/12
  4399 | D:5      | Found a glowing drain.
  4417 | Sewer    | Entered a sewer
  5193 | Sewer    | Identified the +0 leather armour of a treasure trove {rN++
                  | MP+9}
  5568 | D:5      | Gained mutation: Your touch may irresistibly damage your
                  | foes and sap their willpower. [demonic ancestry]
  5568 | D:5      | Reached XP level 8. HP: 55/61 MP: 10/14
  5581 | D:5      | Reached skill level 7 in Necromancy
  6291 | D:6      | Reached skill level 5 in Spellcasting
  6452 | D:6      | Found a runed translucent gate.
  6453 | D:6      | Found a runed translucent gate.
  6454 | D:6      | Found a runed translucent gate.
  6464 | D:6      | Noticed middlethird's ghost (novice VSIE)
  6501 | D:6      | Reached skill level 5 in Dodging
  6559 | D:6      | Found an opulent altar of Gozag.
  6605 | D:6      | Reached skill level 5 in Fighting
  6953 | D:6      | Learned a level 4 spell: Animate Dead
  7849 | D:7      | Gained mutation: A meltable icy envelope protects you from
                  | harm. (AC +0) [demonic ancestry]
  7849 | D:7      | Reached XP level 9. HP: 53/68 MP: 6/17
  7855 | D:7      | Learned a level 5 spell: Curse of Agony
  8020 | D:7      | Found a staircase to the Ecumenical Temple.
  8040 | D:7      | Reached skill level 8 in Necromancy
  8041 | Temple   | Entered the Ecumenical Temple
  8048 | Temple   | Became a worshipper of Kikubaaqudgha
  8681 | D:8      | Found a burning altar of Makhleb.
  8695 | D:8      | Found a sacrificial altar of Ru.
  9016 | D:8      | Found Vacim's Changing Room.
  9398 | D:8      | Found a snail-covered altar of Cheibriados.
  9587 | D:8      | You fall into a shaft and drop 1 floor!
 10244 | D:9      | Found a broken altar of Ashenzari.
 10246 | D:9      | Noticed a troll
 10276 | D:8      | Reached skill level 9 in Necromancy
 10280 | D:8      | Reached * piety under Kikubaaqudgha
 10280 | D:8      | Received a gift from Kikubaaqudgha
 10672 | D:8      | Reached XP level 10. HP: 79/79 MP: 16/20
 11546 | D:10     | Entered Level 10 of the Dungeon
 11741 | D:10     | Noticed Erica
 12058 | D:9      | Reached skill level 10 in Necromancy
 12345 | D:10     | Killed Erica
 12353 | D:10     | Noticed a deep elf pyromancer
 12361 | D:10     | Killed a deep elf pyromancer
 12361 | D:10     | HP: 3/80 [burnt (15)]
 12364 | D:10     | Incinerated by a deep elf pyromancer

Illustrated notes

Levels and vault maps discovered:
D:1:      psy_arrival_basics, layout_basic, chequers_ecumenical_altar_island,
          minmay_vboxes
D:2:      layout_rooms
D:3:      layout_basic, gammafunk_temple_overflow_claw, minmay_crystal_room
D:4:      minmay_octagon_keep, layout_loops_ring, nicolae_vehumet_altar_sigil
D:5:      layout_cave_pods, portal_sewer_entry_d, kennysheep_generic_room_15
D:6:      layout_cave_pools, nicolae_overflow_crystal_walls,
          gammafunk_ghost_necromancy
D:7:      layout_basic, minmay_temple_entry_stoned_glass, kennysheep_donut
D:8:      layout_loops_ring, nicolae_ru_awakened_eye,
          mainiacjoe_overflow_tiny_flanked, slow_altar_2,
          nicolae_transmutations_shop
D:9:      layout_long_grid, evilmike_ruin_ashenzari
D:10:     layout_basic, mainiacjoe_overflow_alcove_2, david_lair_shrubbed,
          worms_lemuel, uniq_fannar, uniq_erica
Temple:   hellmonk_temple_two_chambers

Skill      XL: |  1  2  3  4  5  6  7  8  9 10 |
---------------+-------------------------------+-----
Dodging        | 2 3 4 5 6 8 |  8.0
Stealth        | 2 |  2.0
Fighting       | 1 2 3 4 5 7 8 |  8.3
Necromancy     | 5 6 7 9 10 | 10.3
Spellcasting   | 3 4 5 6 8 |  8.0

Action                     |  1- 3 |  4- 6 |  7- 9 | 10-12 || total
---------------------------+-------+-------+-------+-------++-------
  Melee: Dagger            |     6 |       |    47 |    25 ||    78
         Short sword       |    12 |       |       |       ||    12
         Whip              |     4 |    24 |    82 |       ||   110
         Touch             |       |     8 |    13 |     3 ||    24
         Punch             |       |       |     3 |     2 ||     5
   Cast: Necrotise         |    74 |    74 |   194 |    28 ||   370
         Vampiric Draining |       |    11 |   108 |    73 ||   192
    Use: Scroll            |       |       |     4 |       ||     4
         Potion            |       |       |       |     2 ||     2
 Armour: Robe              |    18 |       |       |       ||    18
         Leather armour    |     8 |    40 |   199 |    56 ||   303
  Dodge: Dodged            |    36 |    45 |   220 |    58 ||   359
  Block: Other             |       |    12 |    50 |    15 ||    77
